Map: Gresvan LE

Players

ferret

  • Race: Terran Terran
  • League: Diamond
  • Spawn Location: 11:00

Dorse - Winner!

  • Race: Terran Terran
  • League: Master
  • Spawn Location: 5:00

VOD

Have the link to the VOD?

Description

Time

  • Played on: Aug. 6, 2023, 2:51 p.m.
  • Length: 5:59
Show
View Real Time Build Order
Export as new Build Order

ferret Terran 

Build Orders:  

Get SALT Encoding   

  12  0:00  SCV  
  13  0:12  SCV  
  14  0:17  Supply Depot  
  14  0:24  SCV  
  15  0:39  SCV  
  15  0:40  Barracks  
  16  0:43  Refinery  
  16  0:51  SCV  
  17  1:00  Barracks  
  17  1:03  SCV  
  18  1:16  SCV  
  19  1:29  Reaper  
  19  1:31  Supply Depot  
  21  1:34  Orbital Command  
  20  1:49  Reaper  
  21  2:04  Reaper  
  21  2:08  Command Center  
  22  2:13  SCV  
  23  2:17  Refinery  
  23  2:23  Barracks Reactor  
  23  2:25  SCV  
  24  2:37  SCV  
  24  2:38  Barracks Tech Lab  
  25  2:49  SCV  
  26  2:57  Factory  
  26  3:01  SCV  
  26  3:02  Marine x2  
  26  3:03  Marine  
  30  3:13  SCV  
  30  3:15  Stimpack  
  30  3:19  Orbital Command  
  31  3:21  Marine  
  31  3:22  Marine x2  
  31  3:25  SCV  
  35  3:38  SCV, Supply Depot  
  35  3:39  Marine  
  35  3:40  Marine x2  
  39  3:42  Starport  
  39  3:46  SCV  
  40  3:52  SCV  
  40  3:53  Factory Reactor  
  41  3:57  Marine x2  
  41  3:58  SCV  
  41  3:59  Marine  
  45  4:04  SCV  
  46  4:10  SCV  
  46  4:15  Marine x2  
  46  4:16  SCV  
  46  4:17  Marine, Supply Depot  
  50  4:22  SCV, Supply Depot  
  52  4:27  Supply Depot  
  52  4:28  SCV  
  53  4:33  Marine  
  53  4:38  Marine x2, SCV  
  57  4:40  Medivac x2  
  57  4:43  SCV  
  62  4:50  SCV, Supply Depot  
  63  4:52  Marine  
  63  4:55  SCV  
  63  4:56  Marine x2  
  67  5:02  SCV  
  67  5:07  SCV, Factory Tech Lab  
  69  5:14  SCV  
  69  5:19  SCV  
  71  5:23  Marine x3  
  71  5:27  SCV  
  75  5:30  Barracks  
  75  5:31  SCV  
  75  5:32  Engineering Bay  
  75  5:34  Engineering Bay  
  80  5:39  SCV  
  80  5:41  Marine  
Show
View Real Time Build Order
Export as new Build Order

Dorse Terran - Winner!

Build Orders:  

Get SALT Encoding   

  12  0:00  SCV  
  13  0:12  SCV  
  14  0:18  Supply Depot  
  14  0:24  SCV  
  15  0:40  SCV  
  15  0:41  Barracks  
  16  0:44  Refinery  
  16  0:52  SCV  
  17  1:04  SCV  
  17  1:07  Barracks  
  18  1:16  SCV  
  19  1:28  Orbital Command  
  19  1:29  Reaper  
  20  1:43  Supply Depot  
  21  1:54  SCV, Reaper  
  22  2:04  Reaper  
  22  2:06  SCV  
  24  2:13  Command Center  
  24  2:18  SCV  
  25  2:24  Refinery  
  25  2:26  Barracks Reactor  
  25  2:31  SCV  
  25  2:36  Barracks  
  26  2:39  Barracks Tech Lab  
  26  2:43  SCV  
  27  2:45  Supply Depot  
  27  2:55  SCV  
  28  2:59  Marine  
  29  3:08  Command Center  
  28  3:12  Stimpack  
  28  3:16  SCV  
  28  3:18  Marine  
  29  3:23  Marine  
  29  3:28  Orbital Command  
  29  3:37  Marine, Factory  
  29  3:40  Marine  
  31  3:42  SCV  
  31  3:44  Marine  
  33  3:54  SCV  
  33  3:55  Marine, SCV  
  36  3:57  Marine  
  36  4:02  Marine  
  38  4:06  SCV  
  38  4:07  SCV  
  40  4:12  Marine  
  40  4:15  Marine, Supply Depot  
  42  4:20  Marine  
  42  4:21  Starport  
  42  4:22  Factory Reactor  
  43  4:26  SCV x2  
  43  4:30  Orbital Command  
  45  4:33  Marine  
  45  4:34  Marine  
  45  4:38  Marine, SCV x2  
  50  4:51  Marine  
  50  4:52  Marine  
  51  4:55  Marine  
  51  4:56  SCV  
  51  4:57  SCV  
  51  4:58  SCV  
  56  5:05  Medivac x2  
  60  5:09  Marine, SCV  
  60  5:10  Marine  
  60  5:11  Supply Depot  
  60  5:13  Marine  
  65  5:14  SCV x2  
  65  5:16  Factory Tech Lab  
  65  5:21  SCV  
  67  5:23  Supply Depot  
  67  5:26  SCV x2  
  67  5:27  Marine  
  67  5:28  Marine  
  71  5:31  Marine  
  75  5:44  Barracks x2  
  75  5:45  SCV  
  75  5:47  Engineering Bay  
  75  5:48  Barracks  
Tags
 
Matchup
TvT
Race
Terran
Spawn Locations
Cross Positions
Add a new tag
Caveats
  • Supply blocks, unpowered buildings, or Contaminate may cause inaccurate times.
  • Supply counts are checked every 10 seconds.